[Event "2nd Irena Warakomska Memorial-A"]
[Site "Suwalki"]
[Date "2018.08.06"]
[Round "7"]
[White "Sliwerski, Radoslaw"]
[Black "Jaroch, Karol"]
[Result "0-1"]
[ECO "E67"]
[WhiteElo "1990"]
[BlackElo "2222"]
[Annotator "NA"]
[PlyCount "108"]
[EventDate "2018.08.01"]
[EventType "swiss"]
[EventCountry "POL"]
[SourceTitle "playchess.com"]
[Source "ChessBase"]
[SourceQuality "1"]
[TimeControl "40/5400+30:1800+30"]

1. d4 Nf6 2. c4 g6 3. g3 Bg7 4. Bg2 O-O 5. Nc3 d6 6. Nf3 Nbd7 7. O-O c5 8. d5 a6 9. h3 Ne8 10. e4 Nc7 11. a4 b6 12. Bf4 Rb8 13. Qe2 b5 14. cxb5 axb5 15. axb5 Nb6 16. Rfd1 Bd7 17. e5 Nc8 18. Qd2 Re8 19. Bh6 Bxe5 20. Nxe5 dxe5 21. Qe3 f6 22. Qxc5 Nxb5 23. d6 Ncxd6 24. Bd5+ Kh8 25. Bc6 Qc8 26. Nxb5 Rxb5 27. Qxb5 Nxb5 28. Bxd7 Qb8 29. Bxe8 Qxe8 30. Ra5 Kg8 31. Rda1 Kf7 32. Be3 h5 33. Ra8 Qd7 34. Rb8 h4 35. g4 Nd4 36. Bxd4 exd4 37. b4 d3 38. Rba8 d2 39. Rd1 Qd3 40. Ra2 Qxh3 41. Raxd2 Qxg4+ 42. Kh2 h3 43. f4 Qxf4+ 44. Kxh3 Qxb4 45. Rd4 Qc3+ 46. R1d3 Qe1 47. Kg2 g5 48. Rf3 Kg6 49. Rd8 Qe2+ 50. Kg3 Qe5+ 51. Kg2 Qe6 52. Rdd3 Qc6 53. Kg3 e5 54. Rd8 e4 0-1

[Event "2nd Irena Warakomska Memorial-A"]
[Site "Suwalki"]
[Date "2018.08.07"]
[Round "8"]
[White "Ovsejevitsch, Sergei"]
[Black "Shtembuliak, Evgeny"]
[Result "1-0"]
[ECO "B06"]
[WhiteElo "2597"]
[BlackElo "2518"]
[Annotator "ChessBase"]
[PlyCount "53"]
[EventDate "2018.08.01"]
[EventType "swiss"]
[EventCountry "POL"]
[SourceTitle "playchess.com"]
[Source "ChessBase"]
[SourceQuality "1"]
[TimeControl "40/5400+30:1800+30"]

1. d4 g6 2. e4 Bg7 3. c4 d6 4. Nc3 c5 5. d5 e6 6. Nf3 Ne7 7. h3 O-O 8. Bd3 a6 9. O-O h6 10. Re1 Nd7 11. a4 g5 12. h4 g4 13. Nh2 h5 14. Bg5 Ne5 15. Nf1 f6 16. Bc1 exd5 17. exd5 f5 18. Bg5 f4 19. Bc2 Rf7 20. Ne4 Nxc4 21. Nxc5 Nxb2 22. Qd2 Qc7 23. Ne6 Bxe6 24. dxe6 Rff8 25. Rac1 Qd8 26. Bb1 Qe8 27. Rc7 1-0

[Event "2nd Irena Warakomska Memorial-A"]
[Site "Suwalki"]
[Date "2018.08.07"]
[Round "8"]
[White "Tomczak, Jacek"]
[Black "Leniart, Arkadiusz"]
[Result "1-0"]
[ECO "C81"]
[WhiteElo "2596"]
[BlackElo "2498"]
[Annotator "ChessBase"]
[PlyCount "55"]
[EventDate "2018.08.01"]
[EventType "swiss"]
[EventCountry "POL"]
[SourceTitle "playchess.com"]
[Source "ChessBase"]
[SourceQuality "1"]
[TimeControl "40/5400+30:1800+30"]

1. e4 e5 2. Nf3 Nc6 3. Bb5 a6 4. Ba4 Nf6 5. O-O Nxe4 6. d4 b5 7. Bb3 d5 8. dxe5 Be6 9. Qe2 Nc5 10. Rd1 Nxb3 11. axb3 Be7 12. Nc3 O-O 13. Bf4 b4 14. Na4 Qd7 15. Bg5 Rfe8 16. Bxe7 Qxe7 17. Qe3 Rad8 18. Qc5 Bg4 19. Qxc6 Bxf3 20. gxf3 Qg5+ 21. Kh1 Qf4 22. Rd3 Rxe5 23. Rg1 h5 24. Qxc7 Rde8 25. Nb6 Qf5 26. Qd7 R8e6 27. Nxd5 Kh7 28. Nc7 1-0

[Event "2nd Irena Warakomska Memorial-A"]
[Site "Suwalki"]
[Date "2018.08.07"]
[Round "8"]
[White "Aleksandrov, Aleksej"]
[Black "Matviishen, Viktor"]
[Result "1/2-1/2"]
[ECO "E24"]
[WhiteElo "2585"]
[BlackElo "2423"]
[Annotator "ChessBase"]
[PlyCount "80"]
[EventDate "2018.08.01"]
[EventType "swiss"]
[EventCountry "POL"]
[SourceTitle "playchess.com"]
[Source "ChessBase"]
[SourceQuality "1"]
[TimeControl "40/5400+30:1800+30"]

1. d4 Nf6 2. c4 e6 3. Nc3 Bb4 4. a3 Bxc3+ 5. bxc3 Ne4 6. Nh3 c5 7. e3 Qa5 8. Bb2 cxd4 9. exd4 O-O 10. Bd3 Nf6 11. O-O b6 12. a4 Nc6 13. Ba3 Re8 14. Rb1 Qh5 15. f3 Ba6 16. Re1 e5 17. Be2 exd4 18. cxd4 d5 19. c5 Bxe2 20. Rxe2 Rxe2 21. Qxe2 Nxd4 22. Qd3 bxc5 23. Bxc5 Ne6 24. Be7 Qg6 25. Qb5 h6 26. Bxf6 Qxf6 27. Qxd5 Rd8 28. Qe4 Nc5 29. Qc2 Qd4+ 30. Nf2 Nxa4 31. Rd1 Re8 32. g3 Qb4 33. Nd3 Qb5 34. Ra1 Nb6 35. Rxa7 Nc4 36. Ra1 Qd5 37. Re1 Rd8 38. Nf4 Qd4+ 39. Qf2 Ne5 40. Kg2 Qxf2+ 1/2-1/2

[Event "2nd Irena Warakomska Memorial-A"]
[Site "Suwalki"]
[Date "2018.08.07"]
[Round "8"]
[White "Yevseev, Denis"]
[Black "Tihonov, Jurij"]
[Result "0-1"]
[ECO "B38"]
[WhiteElo "2513"]
[BlackElo "2385"]
[Annotator "ChessBase"]
[PlyCount "100"]
[EventDate "2018.08.01"]
[EventType "swiss"]
[EventCountry "POL"]
[SourceTitle "playchess.com"]
[Source "ChessBase"]
[SourceQuality "1"]
[TimeControl "40/5400+30:1800+30"]

1. Nf3 c5 2. c4 g6 3. d4 cxd4 4. Nxd4 Bg7 5. e4 Nc6 6. Be3 Nf6 7. Nc3 d6 8. Be2 O-O 9. O-O Nxd4 10. Bxd4 Nd7 11. Bxg7 Kxg7 12. Qd2 b6 13. Rae1 Bb7 14. Bd3 f6 15. Re3 Rf7 16. Rh3 Kh8 17. f4 e5 18. f5 gxf5 19. Rxf5 Nc5 20. Rf1 Qe7 21. Rg3 Rg7 22. Rxg7 Qxg7 23. Bc2 Rg8 24. g3 Qe7 25. Qf2 Rf8 26. Nd5 Qg7 27. Qf5 Bc8 28. Qh5 Ne6 29. Bd1 Bd7 30. Qh4 Ng5 31. Bg4 Bc6 32. Bf5 Bxd5 33. cxd5 Rf7 34. Qh5 Rc7 35. Qe8+ Qg8 36. Qa4 Nf7 37. Kg2 Qg5 38. Rf2 Kg7 39. Be6 Qe3 40. h4 b5 41. Qxb5 Qxe4+ 42. Kh2 Rc1 43. Rg2 Qb1 44. Kh3 Rh1+ 45. Rh2 Qg1 46. Qe2 f5 47. Bxf7 Rxh2+ 48. Qxh2 Qxh2+ 49. Kxh2 Kxf7 50. Kg2 e4 0-1

[Event "2nd Irena Warakomska Memorial-A"]
[Site "Suwalki"]
[Date "2018.08.07"]
[Round "8"]
[White "Warakomski, Tomasz"]
[Black "Grinev, Valeriy"]
[Result "1/2-1/2"]
[ECO "B41"]
[WhiteElo "2512"]
[BlackElo "2416"]
[Annotator "RC"]
[PlyCount "53"]
[EventDate "2018.08.01"]
[EventType "swiss"]
[EventCountry "POL"]
[SourceTitle "playchess.com"]
[Source "ChessBase"]
[SourceQuality "1"]
[TimeControl "40/5400+30:1800+30"]

1. e4 c5 2. Nf3 e6 3. d4 cxd4 4. Nxd4 a6 5. c4 Nf6 6. Nc3 Qc7 7. Bd3 Nc6 8. Nb3 Ne5 9. O-O Nxc4 10. Bxc4 Qxc4 11. Re1 d6 12. Bf4 Qb4 13. Rc1 Bd7 14. a3 Qb6 15. Nd2 Rc8 16. b3 Be7 17. Nc4 Rxc4 18. bxc4 O-O 19. Qd3 Rd8 20. Rb1 Qc6 21. f3 Be8 22. Ne2 Nd7 23. Qb3 Nc5 24. Qe3 h6 25. Nd4 Qc8 26. Bg3 Ba4 27. Qc3 1/2-1/2

[Event "2nd Irena Warakomska Memorial-A"]
[Site "Suwalki"]
[Date "2018.08.07"]
[Round "8"]
[White "Gleizerov, Evgeny"]
[Black "Sadzikowski, Daniel"]
[Result "1/2-1/2"]
[ECO "A62"]
[WhiteElo "2507"]
[BlackElo "2575"]
[Annotator "ChessBase"]
[PlyCount "56"]
[EventDate "2018.08.01"]
[EventType "swiss"]
[EventCountry "POL"]
[SourceTitle "playchess.com"]
[Source "ChessBase"]
[SourceQuality "1"]
[TimeControl "40/5400+30:1800+30"]

1. d4 Nf6 2. c4 e6 3. g3 c5 4. d5 exd5 5. cxd5 d6 6. Nc3 g6 7. Nf3 Bg7 8. Bg2 O-O 9. O-O Re8 10. Bf4 Bf5 11. Nh4 Bg4 12. h3 Nh5 13. Bd2 Bd7 14. Qb3 b5 15. Nxb5 Rxe2 16. Bc3 Bxb5 17. Qxb5 Re7 18. Rfe1 Bxc3 19. bxc3 Rxe1+ 20. Rxe1 Nd7 21. Nf3 Nhf6 22. Nd2 Nb6 23. c4 Nbd7 24. Qa4 Rb8 25. Bf1 h5 26. Qxa7 Ra8 27. Qb7 Rxa2 28. Nf3 Qa8 1/2-1/2

[Event "2nd Irena Warakomska Memorial-A"]
[Site "Suwalki"]
[Date "2018.08.07"]
[Round "8"]
[White "Nasuta, Grzegorz"]
[Black "Socko, Bartosz"]
[Result "0-1"]
[ECO "B12"]
[WhiteElo "2497"]
[BlackElo "2588"]
[Annotator "ChessBase"]
[PlyCount "88"]
[EventDate "2018.08.01"]
[EventType "swiss"]
[EventCountry "POL"]
[SourceTitle "playchess.com"]
[Source "ChessBase"]
[SourceQuality "1"]
[TimeControl "40/5400+30:1800+30"]

1. e4 c6 2. d4 d5 3. e5 c5 4. dxc5 e6 5. a3 Bxc5 6. b4 Be7 7. Nf3 a5 8. b5 Nd7 9. Bb2 Nh6 10. Nbd2 O-O 11. Bd3 a4 12. O-O Nc5 13. Be2 Bd7 14. c4 dxc4 15. Bxc4 Qb6 16. Nd4 Rfd8 17. Qe2 Rac8 18. Rfd1 Nf5 19. N2f3 Nxd4 20. Nxd4 Be8 21. Kh1 Ne4 22. Kg1 Bg5 23. Nxe6 Rxd1+ 24. Rxd1 Qxf2+ 25. Qxf2 Nxf2 26. Kxf2 Bh4+ 27. g3 Rxc4 28. gxh4 fxe6 29. Rc1 Rxh4 30. Kg3 Re4 31. Kf3 Rh4 32. Kg3 g5 33. Rc8 Kf8 34. b6 Rf4 35. Bc3 h5 36. h4 Rg4+ 37. Kf2 gxh4 38. Bb4+ Kf7 39. Rc7+ Kg6 40. Re7 h3 41. Rxe6+ Kf5 42. Rf6+ Ke4 43. Rd6 Rg2+ 44. Kf1 Bb5+ 0-1

[Event "2nd Irena Warakomska Memorial-A"]
[Site "Suwalki"]
[Date "2018.08.07"]
[Round "8"]
[White "Socko, Monika"]
[Black "Marszalek, Maciej"]
[Result "1-0"]
[ECO "A50"]
[WhiteElo "2466"]
[BlackElo "2269"]
[Annotator "ChessBase"]
[PlyCount "121"]
[EventDate "2018.08.01"]
[EventType "swiss"]
[EventCountry "POL"]
[SourceTitle "playchess.com"]
[Source "ChessBase"]
[SourceQuality "1"]
[TimeControl "40/5400+30:1800+30"]

1. d4 Nf6 2. c4 c6 3. Nc3 d5 4. cxd5 cxd5 5. Bf4 Nc6 6. e3 Bf5 7. Qb3 Na5 8. Qa4+ Bd7 9. Qc2 e6 10. Nf3 Rc8 11. Bd3 Be7 12. Ne5 Nc6 13. a3 a6 14. O-O Nh5 15. Nxc6 Bxc6 16. Be5 Nf6 17. f4 Ng4 18. Qe2 Nxe5 19. fxe5 g6 20. Qg4 O-O 21. Rf3 Kg7 22. Raf1 Bb5 23. Bxb5 axb5 24. Ne2 h5 25. Qh3 Bg5 26. Nc3 b4 27. axb4 Qe7 28. Nb5 f5 29. exf6+ Rxf6 30. Rxf6 Bxf6 31. Nc3 Rf8 32. b5 Bg5 33. Rxf8 Kxf8 34. Qg3 h4 35. Qe5 Bf6 36. Qb8+ Kf7 37. Kf2 Bg5 38. Ne2 Qd7 39. b6 Bd8 40. Nf4 Qe7 41. Ke2 g5 42. Nd3 Bxb6 43. Qh8 Bc7 44. h3 Bg3 45. Nc5 Kg6 46. Qc8 e5 47. Qg8+ Kh6 48. Qxd5 exd4 49. Qxd4 Be5 50. Qd5 Bxb2 51. Nxb7 Be5 52. Nd8 Bf6 53. Nf7+ Kg6 54. Nd6 Qd7 55. Qe4+ Kh5 56. Kf3 Bc3 57. Qg4+ Qxg4+ 58. hxg4+ Kg6 59. Ke4 Kf6 60. Kd5 Bb2 61. e4 1-0

[Event "2nd Irena Warakomska Memorial-A"]
[Site "Suwalki"]
[Date "2018.08.07"]
[Round "8"]
[White "Omelja, Artem"]
[Black "Dzhuguryan, Tygran"]
[Result "1-0"]
[ECO "E16"]
[WhiteElo "2445"]
[BlackElo "2178"]
[Annotator "NA"]
[PlyCount "109"]
[EventDate "2018.08.01"]
[EventType "swiss"]
[EventCountry "POL"]
[SourceTitle "playchess.com"]
[Source "ChessBase"]
[SourceQuality "1"]
[TimeControl "40/5400+30:1800+30"]

1. d4 Nf6 2. c4 e6 3. Nf3 Bb4+ 4. Bd2 Qe7 5. g3 Nc6 6. Nc3 d6 7. Bg2 O-O 8. O-O a5 9. Rc1 h6 10. Re1 Bxc3 11. Bxc3 e5 12. e4 Bg4 13. d5 Nb8 14. h3 Bc8 15. Qd2 a4 16. Qe3 c5 17. Nd2 Re8 18. f4 Nbd7 19. Qf2 Nf8 20. Nf3 Ng6 21. f5 Nf8 22. g4 b5 23. cxb5 Bd7 24. Bf1 Reb8 25. Nd2 Bxb5 26. Nc4 Bxc4 27. Bxc4 Ne8 28. h4 Nh7 29. Kh2 Nc7 30. Re3 f6 31. Be1 Nb5 32. Bxb5 Rxb5 33. Ra3 Qb7 34. Rc2 Ra6 35. Qe2 Nf8 36. Rg3 Nh7 37. Bc3 Rab6 38. Kg1 Kf8 39. Kf2 Ke8 40. Ke1 Kd8 41. Kd1 Kc8 42. Kc1 Qa6 43. Be1 Rb7 44. Ra3 R5b6 45. Qxa6 Rxa6 46. b4 axb3 47. Rxa6 bxc2 48. Kxc2 Kd7 49. Ra8 Ke7 50. a4 Nf8 51. a5 Nd7 52. a6 Rb6 53. Ba5 Rb5 54. Bd8+ Kf7 55. Rc8 1-0

[Event "2nd Irena Warakomska Memorial-A"]
[Site "Suwalki"]
[Date "2018.08.07"]
[Round "8"]
[White "Lewtak, Damian"]
[Black "Markowski, Tomasz"]
[Result "1/2-1/2"]
[ECO "A45"]
[WhiteElo "2369"]
[BlackElo "2562"]
[Annotator "ChessBase"]
[PlyCount "123"]
[EventDate "2018.08.01"]
[EventType "swiss"]
[EventCountry "POL"]
[SourceTitle "playchess.com"]
[Source "ChessBase"]
[SourceQuality "1"]
[TimeControl "40/5400+30:1800+30"]

1. d4 Nf6 2. c3 e6 3. Bf4 b6 4. e3 Bb7 5. Nd2 Be7 6. h3 O-O 7. Bh2 c5 8. Ngf3 Nc6 9. Bd3 d5 10. O-O Bd6 11. Ne5 Qc7 12. f4 Ne7 13. Qc2 c4 14. Be2 b5 15. Bf3 Nf5 16. Rae1 Nh4 17. Bd1 Ne4 18. g3 Nf5 19. g4 Ne7 20. Bf3 f5 21. Nxe4 dxe4 22. Be2 Nd5 23. Qc1 a5 24. a4 Ba6 25. axb5 Bxb5 26. Qd2 a4 27. Ra1 Ra7 28. Ra2 Rc8 29. Bg3 Qe7 30. Kh2 Rb7 31. Rfa1 Qc7 32. Bd1 Rcb8 33. Be2 Ba6 34. Bd1 Bb5 35. Be2 h6 36. h4 Ba6 37. Bd1 Bb5 38. g5 Be8 39. gxh6 gxh6 40. Be2 Bb5 41. Rg1 Kh7 42. h5 Rg8 43. Raa1 Bxe5 44. dxe5 Qb6 45. Bf2 Nxf4 46. Rxg8 Kxg8 47. Rg1+ Kh7 48. Bh4 Nd5 49. Bxc4 Qxe3 50. Qxe3 Nxe3 51. Bxe6 Bc4 52. Bxc4 Nxc4 53. e6 Ne5 54. e7 Rb8 55. Kg3 Nd3 56. Rf1 Rg8+ 57. Kh3 f4 58. Rg1 Re8 59. Bf6 e3 60. Rg7+ Kh8 61. Kg4 e2 62. Rg6+ 1/2-1/2

[Event "2nd Irena Warakomska Memorial-A"]
[Site "Suwalki"]
[Date "2018.08.07"]
[Round "8"]
[White "Teclaf, Pawel"]
[Black "Bugalski, Michal"]
[Result "1-0"]
[ECO "C75"]
[WhiteElo "2362"]
[BlackElo "2263"]
[Annotator "NA"]
[PlyCount "145"]
[EventDate "2018.08.01"]
[EventType "swiss"]
[EventCountry "POL"]
[SourceTitle "playchess.com"]
[Source "ChessBase"]
[SourceQuality "1"]
[TimeControl "40/5400+30:1800+30"]

1. e4 e5 2. Nf3 Nc6 3. Bb5 Nge7 4. c3 a6 5. Ba4 d6 6. d4 Bd7 7. h4 h6 8. h5 b5 9. Bb3 Nc8 10. a4 Nb6 11. a5 Nc8 12. Be3 Be7 13. dxe5 dxe5 14. Qd5 Nd6 15. Nxe5 Nxe5 16. Qxe5 O-O 17. Bd5 Rb8 18. Qg3 Kh8 19. Bd4 f6 20. Nd2 b4 21. cxb4 c6 22. Bb3 Rxb4 23. Qe3 Re8 24. O-O Rb5 25. Bb6 Qb8 26. Bd1 f5 27. Be2 f4 28. Qc3 Bf6 29. Bd4 Bxd4 30. Qxd4 Rb4 31. Qd3 Bc8 32. Bf3 Nf7 33. b3 Rd8 34. Qc2 Rbd4 35. Rfd1 Ne5 36. Be2 Qb4 37. Nf3 Nxf3+ 38. Bxf3 c5 39. Rdc1 Rd2 40. Qxc5 Qxb3 41. Qe5 Qb2 42. Qxb2 Rxb2 43. Rab1 Rxb1 44. Rxb1 Be6 45. Be2 Rd2 46. Bxa6 Ra2 47. Bd3 Rxa5 48. Rb8+ Kh7 49. e5+ g6 50. hxg6+ Kg7 51. Rb7+ Kg8 52. Rb6 Ba2 53. Rb8+ Kg7 54. Re8 Ra3 55. Be4 Ra6 56. Kh2 h5 57. g3 fxg3+ 58. Kxg3 h4+ 59. Kh3 Ra4 60. f3 Bc4 61. Re7+ Kf8 62. Rh7 Be6+ 63. Kxh4 Bd5 64. Kg5 Bxe4 65. Rf7+ Ke8 66. fxe4 Rxe4 67. Rf5 Re1 68. g7 Ke7 69. Kg6 Rg1+ 70. Rg5 Rxg5+ 71. Kxg5 Kf7 72. Kf5 Kxg7 73. Ke6 1-0

[Event "2nd Irena Warakomska Memorial-A"]
[Site "Suwalki"]
[Date "2018.08.07"]
[Round "8"]
[White "Kosakowski, Jakub"]
[Black "Fedorov, Alexei"]
[Result "1/2-1/2"]
[ECO "B32"]
[WhiteElo "2361"]
[BlackElo "2561"]
[Annotator "ChessBase"]
[PlyCount "139"]
[EventDate "2018.08.01"]
[EventType "swiss"]
[EventCountry "POL"]
[SourceTitle "playchess.com"]
[Source "ChessBase"]
[SourceQuality "1"]
[TimeControl "40/5400+30:1800+30"]

1. e4 c5 2. Nf3 Nc6 3. d4 cxd4 4. Nxd4 e5 5. Nb5 d6 6. N1c3 a6 7. Na3 Be7 8. Be3 Rb8 9. Nd5 b5 10. c4 b4 11. Nc2 Nf6 12. g3 Nxe4 13. Bg2 f5 14. b3 Be6 15. Qd3 O-O 16. Rd1 Bg5 17. O-O Kh8 18. Bxg5 Nxg5 19. Nde3 f4 20. Bxc6 fxe3 21. Qxe3 Bg4 22. f3 Bf5 23. Rd2 Qf6 24. Rfd1 Ne6 25. Be4 Bxe4 26. fxe4 Qe7 27. Rf1 Rxf1+ 28. Kxf1 Nc5 29. Rf2 Qb7 30. Re2 a5 31. Ne1 Rf8+ 32. Kg2 Qf7 33. Nf3 g5 34. Rf2 g4 35. Nd2 Qxf2+ 36. Qxf2 Rxf2+ 37. Kxf2 Kg7 38. Ke3 Kf6 39. Ke2 h5 40. Ke3 Kg5 41. Ke2 Kf6 42. Ke3 Ke7 43. Ke2 Kd7 44. Ke3 Kc6 45. Ke2 a4 46. Ke3 axb3 47. axb3 Ne6 48. Ke2 Nd4+ 49. Ke3 Kb6 50. Kd3 Kc5 51. Ke3 Nxb3 52. Nxb3+ Kxc4 53. Nd2+ Kc3 54. Ke2 b3 55. Kd1 b2 56. Nb1+ Kd4 57. Kc2 Kxe4 58. Nd2+ Ke3 59. Nc4+ Kf3 60. Kxb2 e4 61. Nd2+ Ke3 62. Kc3 d5 63. Nb3 Kf2 64. Nd4 Kg2 65. Kd2 Kxh2 66. Ne2 d4 67. Nxd4 Kxg3 68. Ke3 h4 69. Kxe4 Kf2 70. Nf5 1/2-1/2

[Event "2nd Irena Warakomska Memorial-A"]
[Site "Suwalki"]
[Date "2018.08.07"]
[Round "8"]
[White "Punin, Andrii"]
[Black "Czarnota, Pawel"]
[Result "0-1"]
[ECO "B68"]
[WhiteElo "2339"]
[BlackElo "2548"]
[Annotator "ChessBase"]
[PlyCount "66"]
[EventDate "2018.08.01"]
[EventType "swiss"]
[EventCountry "POL"]
[SourceTitle "playchess.com"]
[Source "ChessBase"]
[SourceQuality "1"]
[TimeControl "40/5400+30:1800+30"]

1. e4 c5 2. Nf3 d6 3. d4 cxd4 4. Nxd4 Nf6 5. Nc3 Nc6 6. Bg5 e6 7. Qd2 a6 8. O-O-O Bd7 9. f4 Be7 10. Be2 O-O 11. h4 b5 12. a3 Qc7 13. Nxc6 Bxc6 14. Bf3 Rac8 15. Qe2 Rfd8 16. f5 Re8 17. fxe6 fxe6 18. Bg4 Nxg4 19. Qxg4 Bf8 20. h5 a5 21. h6 g6 22. Rd4 e5 23. Rd2 b4 24. Nd5 Bxd5 25. exd5 bxa3 26. Rh3 axb2+ 27. Kxb2 a4 28. Kc1 Qc5 29. Be3 Qb5 30. Rf3 Rc4 31. Qh3 Rb4 32. Rd1 Rb1+ 33. Kd2 Qxd5+ 0-1

[Event "2nd Irena Warakomska Memorial-A"]
[Site "Suwalki"]
[Date "2018.08.07"]
[Round "8"]
[White "Grebeniuk, Semen"]
[Black "Pietruszewski, Marcin"]
[Result "1-0"]
[ECO "A05"]
[WhiteElo "2306"]
[BlackElo "2208"]
[Annotator "NA"]
[PlyCount "79"]
[EventDate "2018.08.01"]
[EventType "swiss"]
[EventCountry "POL"]
[SourceTitle "playchess.com"]
[Source "ChessBase"]
[SourceQuality "1"]
[TimeControl "40/5400+30:1800+30"]

1. Nf3 Nf6 2. g3 d5 3. Bg2 Bg4 4. O-O Nbd7 5. d3 c6 6. h3 Bh5 7. Qe1 e5 8. e4 dxe4 9. dxe4 Bc5 10. a4 O-O 11. Na3 Qe7 12. Nh4 Rfd8 13. Nc4 Ne8 14. Bd2 a6 15. Na5 Rab8 16. Nb3 Ba7 17. Bb4 Qe6 18. Kh1 Nd6 19. Nf5 Nxf5 20. exf5 Qxf5 21. Bd6 Bf3 22. g4 Bxg4 23. hxg4 Qxg4 24. Bxb8 Bxb8 25. Qe3 Nf6 26. Qh3 Qf4 27. Rad1 Re8 28. Nc5 e4 29. Nd7 Nxd7 30. Rxd7 g6 31. Kg1 Kg7 32. Rxb7 Bd6 33. Re1 Re5 34. Qe3 Qg4 35. Qd4 Qe6 36. Rxe4 Qf6 37. Rxe5 Bxe5 38. Qe4 Qg5 39. Qe3 Qh5 40. Qf3 1-0

[Event "2nd Irena Warakomska Memorial-A"]
[Site "Suwalki"]
[Date "2018.08.07"]
[Round "8"]
[White "Szostko, Jakub"]
[Black "Kokoszczynski, Jan"]
[Result "1/2-1/2"]
[ECO "B90"]
[WhiteElo "2299"]
[BlackElo "2187"]
[Annotator "NA"]
[PlyCount "73"]
[EventDate "2018.08.01"]
[EventType "swiss"]
[EventCountry "POL"]
[SourceTitle "playchess.com"]
[Source "ChessBase"]
[SourceQuality "1"]
[TimeControl "40/5400+30:1800+30"]

1. e4 c5 2. Nf3 d6 3. d4 cxd4 4. Nxd4 Nf6 5. Nc3 a6 6. h3 e6 7. g4 Be7 8. g5 Nfd7 9. h4 Nc6 10. Be3 Nxd4 11. Qxd4 O-O 12. O-O-O b5 13. f4 Bb7 14. a3 Rc8 15. Rh3 Nc5 16. Bg2 Qc7 17. Kb1 Rfd8 18. Qd2 d5 19. exd5 Na4 20. Nxa4 bxa4 21. Qf2 Bxd5 22. Bxd5 Rxd5 23. Rxd5 exd5 24. Bd4 Qd7 25. f5 Re8 26. Re3 Bd6 27. f6 g6 28. Qe2 Rxe3 29. Qxe3 Qb5 30. Qh3 Qc4 31. Bc3 h5 32. Bb4 Be5 33. Qh1 Qe4 34. Qh3 Qg4 35. Qh1 Qe4 36. Qh3 Qg4 37. Qh1 1/2-1/2

[Event "2nd Irena Warakomska Memorial-A"]
[Site "Suwalki"]
[Date "2018.08.07"]
[Round "8"]
[White "Sliwicka, Alicja"]
[Black "Budrewicz, Krzysztof"]
[Result "1/2-1/2"]
[ECO "B09"]
[WhiteElo "2293"]
[BlackElo "2203"]
[Annotator "NA"]
[PlyCount "150"]
[EventDate "2018.08.01"]
[EventType "swiss"]
[EventCountry "POL"]
[SourceTitle "playchess.com"]
[Source "ChessBase"]
[SourceQuality "1"]
[TimeControl "40/5400+30:1800+30"]

1. e4 g6 2. d4 Bg7 3. Nc3 d6 4. f4 Nf6 5. Nf3 O-O 6. Bd3 Na6 7. O-O c5 8. d5 Bg4 9. Kh1 Rb8 10. h3 Bxf3 11. Rxf3 Nc7 12. a4 e6 13. dxe6 Nxe6 14. Bc4 Nd4 15. Rd3 Re8 16. Be3 Nxe4 17. Nxe4 Rxe4 18. Bd5 Re8 19. c3 Nf5 20. Bf2 Qc7 21. b3 a6 22. a5 Ne7 23. Qf3 Nxd5 24. Rxd5 Rbd8 25. Bh4 Rc8 26. f5 Re5 27. f6 Rxd5 28. Qxd5 Bf8 29. Re1 Qc6 30. Qd2 Re8 31. Rxe8 Qxe8 32. c4 Qe4 33. Bg3 Qe6 34. Qf4 Qf5 35. Kh2 h6 36. h4 h5 37. Qf3 Qd7 38. Bf4 Kh7 39. Bg3 Qc6 40. Qd3 Kg8 41. Bf4 d5 42. cxd5 Qxf6 43. Qg3 Qd4 44. d6 Bg7 45. Be3 Qd5 46. Bf4 Bf6 47. Qe3 Qc6 48. Bg3 Bd8 49. Qe5 Kh7 50. Be1 Qd7 51. Qxc5 Qe6 52. Bg3 f6 53. b4 Kg7 54. Qa7 Qd7 55. Qe3 Qf7 56. Qe4 Qd7 57. Qf3 Qc6 58. Qd3 Qd7 59. Bf2 Qb5 60. Qd2 Qc4 61. Bg3 Qe6 62. d7 Kf7 63. Qh6 Qxd7 64. Qh7+ Ke8 65. Qg8+ Ke7 66. Qxg6 Qd5 67. Qh6 Kd7 68. Qf4 Be7 69. Qc7+ Ke6 70. Qb8 Kf7 71. Qc7 Qe4 72. Qd7 Kf8 73. b5 axb5 74. Qxb5 f5 75. Qb6 Kg7 1/2-1/2

[Event "2nd Irena Warakomska Memorial-A"]
[Site "Suwalki"]
[Date "2018.08.07"]
[Round "8"]
[White "Chylewski, Patryk"]
[Black "Kashlinskaya, Alina"]
[Result "1/2-1/2"]
[ECO "C03"]
[WhiteElo "2270"]
[BlackElo "2435"]
[Annotator "NA"]
[PlyCount "55"]
[EventDate "2018.08.01"]
[EventType "swiss"]
[EventCountry "POL"]
[SourceTitle "playchess.com"]
[Source "ChessBase"]
[SourceQuality "1"]
[TimeControl "40/5400+30:1800+30"]

1. e4 e6 2. d4 d5 3. Nd2 Be7 4. Bd3 c5 5. dxc5 Nf6 6. exd5 Nxd5 7. Nb3 O-O 8. Nf3 Nd7 9. O-O Nxc5 10. Nxc5 Bxc5 11. c4 Nf6 12. Bg5 h6 13. Bh4 b6 14. Qe2 Bb7 15. Ne5 Qd4 16. Bg3 Be7 17. Rfd1 Qc5 18. Rd2 Rad8 19. Rad1 Qc8 20. Bh4 Qa8 21. Ng4 Qc8 22. Bxf6 Bxf6 23. Nxf6+ gxf6 24. Qg4+ Kh8 25. Qh4 Kg7 26. Qg4+ Kh8 27. Qh4 Kg7 28. Qg4+ 1/2-1/2

[Event "2nd Irena Warakomska Memorial-A"]
[Site "Suwalki"]
[Date "2018.08.07"]
[Round "8"]
[White "Krzywda, Andrzej"]
[Black "Paprocki, Jaroslaw"]
[Result "0-1"]
[ECO "C54"]
[WhiteElo "2258"]
[BlackElo "2143"]
[Annotator "NA"]
[PlyCount "114"]
[EventDate "2018.08.01"]
[EventType "swiss"]
[EventCountry "POL"]
[SourceTitle "playchess.com"]
[Source "ChessBase"]
[SourceQuality "1"]
[TimeControl "40/5400+30:1800+30"]

1. e4 e5 2. Nf3 Nc6 3. Bc4 Bc5 4. c3 Nf6 5. d3 d6 6. O-O a6 7. Bb3 Ba7 8. Nbd2 h6 9. Re1 O-O 10. Nf1 Re8 11. Ng3 Be6 12. h3 d5 13. exd5 Bxd5 14. Bc2 Qd7 15. Be3 Bxe3 16. Rxe3 Rad8 17. Qe2 Qd6 18. Nf5 Qd7 19. Ng3 Bxf3 20. Qxf3 Nd5 21. Ree1 Re6 22. Ne4 b6 23. Rad1 g6 24. Bb3 Kg7 25. Bc4 f5 26. Bxa6 Nde7 27. Ng3 Rd6 28. Ra1 Nb8 29. Bc4 b5 30. Bb3 Rxd3 31. Qb7 Qc6 32. Qxc6 Nbxc6 33. Nf1 Kf6 34. a4 bxa4 35. Rxa4 e4 36. Ne3 Ne5 37. Ra6+ R8d6 38. Rea1 f4 39. Nc2 c5 40. Ne1 Rd2 41. Rxd6+ Rxd6 42. Ra4 c4 43. Bc2 Rd2 44. Ra6+ Kf7 45. Ba4 Rxb2 46. Kf1 Nd5 47. Ra5 Ke6 48. Bb5 Nxc3 49. Ra6+ Kd5 50. Be8 Nd1 51. Ra5+ Kd4 52. Ba4 Rxf2+ 53. Kg1 Ra2 54. Nc2+ Kc3 55. Ne1 f3 56. Rxe5 f2+ 57. Kf1 Ne3# 0-1

[Event "2nd Irena Warakomska Memorial-A"]
[Site "Suwalki"]
[Date "2018.08.07"]
[Round "8"]
[White "Tomaszewski, Roman"]
[Black "Ulanowski, Karol"]
[Result "1/2-1/2"]
[ECO "A16"]
[WhiteElo "2258"]
[BlackElo "2149"]
[Annotator "NA"]
[PlyCount "118"]
[EventDate "2018.08.01"]
[EventType "swiss"]
[EventCountry "POL"]
[SourceTitle "playchess.com"]
[Source "ChessBase"]
[SourceQuality "1"]
[TimeControl "40/5400+30:1800+30"]

1. c4 Nf6 2. Nc3 g6 3. g3 Bg7 4. Bg2 O-O 5. e4 e5 6. d3 c6 7. Nge2 Na6 8. O-O Nc7 9. d4 d6 10. h3 b5 11. c5 b4 12. cxd6 Qxd6 13. dxe5 Qxe5 14. Bf4 Qa5 15. Qa4 Qxa4 16. Nxa4 Nb5 17. Rac1 Be6 18. b3 Rac8 19. Bd2 a5 20. Be3 Rfd8 21. Nb6 Rc7 22. Bf4 Rb7 23. Rxc6 Na7 24. Rc7 Rxc7 25. Bxc7 Rd2 26. Nf4 Rxa2 27. Rd1 Bf8 28. Nxe6 fxe6 29. e5 Ne8 30. Bb8 Nb5 31. Bc6 Nec7 32. Rd8 Rc2 33. Be4 Rc1+ 34. Kg2 Kg7 35. Rd7+ Kg8 36. h4 Na6 37. Rd8 Kf7 38. Bd6 Nxd6 39. exd6 Rd1 40. Rd7+ Kf6 41. Ra7 Nc5 42. Nd7+ Nxd7 43. Rxd7 h5 44. Ra7 Bxd6 45. Rxa5 Rd2 46. Rg5 Rb2 47. Bxg6 Rxb3 48. Bxh5 Be5 49. Rg6+ Ke7 50. Rg4 Rb2 51. Re4 Bc3 52. Bg4 e5 53. Bf5 Bd4 54. g4 Rxf2+ 55. Kg3 Rf1 56. Kg2 Rc1 57. g5 b3 58. Rg4 Kf8 59. Rg3 Rg1+ 1/2-1/2